Match 41445440
Unlisted
Match 41445440
End
Vickers Machine Gun Team
Construct Section Command Post
Selects Indian Artillery Battlegroup
Dingo Light Scout Car
Infantry Section
Infantry Section
Selects Towed ML 4.2-inch Heavy Mortar
Towed ML 4.2-inch Heavy Mortar
Construct Platoon Command Post
Construct Field Infirmary
Selects Valour
Selects Valour
6-pounder Anti-tank Gun Team
6-pounder Anti-tank Gun Team
Selects Gurkha Rifles Section
Gurkha Rifles Section
Vickers Machine Gun Team
6-pounder Anti-tank Gun Team
Selects Volunteer Infantry
Grenade Package
Selects Off-map Airburst Barrage
BeerGrills
-AL- Nimahfrosch
|_THUNDER_|
Gonky
0
0
Comments sign in to comment!
No comments posted yet!